 Dungeon Crawl Stone Soup version 0.20.0-10-g0535bb4 (webtiles) character file.

11453 tilp the Arsonist (level 11, -2/93 HPs)
             Began as a Hill Orc Fire Elementalist on June 4, 2017.
             Was a High Priest of Okawaru.
             Slain by Snorg (10 damage)
             ... on level 1 of the Orcish Mines on June 5, 2017.
             The game lasted 01:06:56 (20233 turns).

tilp the Arsonist (Hill Orc Fire Elementalist)     Turns: 20233, Time: 01:06:56

Health: -2/93      AC: 13    Str: 12    XL:     11   Next: 78%
Magic:  14/18      EV: 11    Int: 22    God:    Okawaru [*****.]
Gold:   249        SH:  0    Dex:  6    Spells: 4/20 levels left

rFire    . . .     SeeInvis .   K - +5 dagger (elec)
rCold    + . .     Gourm    .   (no shield)
rNeg     . . .     Faith    .   b - +3 robe of Toshre {rC+ Dex-5 Stlth+}
rPois    .         Spirit   .   (no helmet)
rElec    .         Reflect  .   M - scarf {repulsion}
rCorr    .         Harm     .   Z - +0 pair of gloves
MR       .....                  A - +1 pair of boots
Stlth    ++........             (no amulet)
Regen    0.3/turn               O - +4 ring of intelligence
MPRegen  0.2/turn               i - +5 ring of protection

@: repel missiles
A: no striking features
a: Heroism, Finesse, Renounce Religion


You were on level 1 of the Orcish Mines.
You worshipped Okawaru.
Okawaru was extremely pleased with you.
You were not hungry.

You visited 3 branches of the dungeon, and saw 13 of its levels.
You also visited: Sewer.

You collected 791 gold pieces.
You spent 542 gold pieces at shops.

Inventory:

Hand Weapons
 k - a +1 shortbow of freezing
 m - a +2 war axe of freezing
 q - a +1 dagger of flaming
 J - a +0 great mace
 K - a +5 dagger of electrocution (weapon)
Missiles
 s - 3 poisoned tomahawks (quivered)
 U - 4 javelins of penetration
Armour
 b - the +3 robe of Toshre (worn) {rC+ Dex-5 Stlth+}
   (Okawaru gifted it to you on level 11 of the Dungeon)

   It affects your dexterity (-5).
   It protects you from cold.
   It makes you more stealthy.
 x - a +2 robe of positive energy
 A - a +1 pair of boots (worn)
 M - a scarf of repulsion (worn)
 Q - the +4 shield of the Rabble {*Slow rElec rC+ Dex+3}
   (You took it off an orc wizard on level 5 of the Dungeon)

   It affects your dexterity (+3).
   It protects you from cold.
   It insulates you from electricity.
   It may slow you when you take damage.
 Z - a +0 pair of gloves (worn)
Jewellery
 f - an uncursed ring of flight
 i - a +5 ring of protection (right hand)
 N - an uncursed ring of positive energy
 O - a +4 ring of intelligence (left hand)
 P - an uncursed ring of fire
 R - an uncursed ring of magical power
Wands
 d - a wand of polymorph (0/24)
 o - a wand of lightning (3/15)
 z - a wand of disintegration (12/24)
 B - a wand of iceblast (7/15)
Scrolls
 n - 4 scrolls of amnesia
 v - 2 scrolls of fear
 y - a scroll of summoning
 C - a scroll of noise {unknown}
 E - 2 scrolls of magic mapping
 F - 3 scrolls of recharging {unknown}
 G - a scroll of blinking
 H - 2 scrolls of fog {unknown}
 L - a scroll of enchant armour {unknown}
 T - a scroll of silence {unknown}
 X - a scroll of identify
 Y - 4 scrolls of remove curse
Potions
 e - 4 potions of haste
 g - a potion of heal wounds
 j - a potion of brilliance {unknown}
 l - 7 potions of curing
 t - 2 potions of flight
 u - a potion of degeneration {unknown}
 w - 2 potions of ambrosia {unknown}
 D - 4 potions of might
 I - 2 potions of lignification {unknown}
Miscellaneous
 h - a lightning rod (4/4)
Comestibles
 a - 12 chunks of flesh
 c - 13 bread rations


   Skills:
 + Level 7.7 Fighting
 - Level 5.6 Short Blades
 * Level 6.7 Maces & Flails
 - Level 1.5 Dodging
 - Level 1.5 Stealth
 - Level 5.2 Spellcasting
 * Level 8.3 Conjurations
 + Level 9.3 Fire Magic
 - Level 3.9 Invocations
 * Level 6.2 Evocations


You had 4 spell levels left.
You knew the following spells:

 Your Spells              Type           Power        Failure   Level  Hunger
a - Flame Tongue          Conj/Fire      #####        1%          1    None
b - Throw Flame           Conj/Fire      #####.       1%          2    None
c - Conjure Flame         Conj/Fire      #####...     1%          3    ##.....
d - Sticky Flame          Conj/Fire      #####...     2%          4    ####...
e - Fireball              Conj/Fire      #####.....   7%          5    #####..
f - Shock                 Conj/Air       ###.         1%          1    None


Dungeon Overview and Level Annotations

Branches:
Dungeon (11/15)            Temple (1/1) D:4            Lair (0/6) D:11
    Orc (1/2) D:11

Altars:
Ashenzari
Cheibriados
Dithmenos
Elyvilon
Fedhas
Gozag
Hepliaklqana
Kikubaaqudgha
Makhleb
Nemelex Xobeh
Okawaru
Qazlal
Ru
Sif Muna
Trog
Uskayaw
Vehumet
Xom
Yredelemnul
Zin
The Shining One

Shops:
D:10 [

Annotations:
D:7 2 transporters, Menkaure
Orc:1 Snorg


Message History

Confirm with . or Enter, or press ? or * to list all spells.
Aiming: Flame Tongue
Press: ? - help, Shift-Dir - straight line, f/p - Snorg
Aim: Snorg (severely wounded, berserk, fast, unusually strong, covered in liquid flames)
The flame tongue hits Snorg.
Snorg is almost dead.
Snorg burns!
Snorg barely misses you. x3
Snorg burns!
Snorg barely misses you. Snorg claws you but does no damage. x2
Snorg burns!
Snorg burns!
Snorg rages.
Snorg closely misses you. Snorg barely misses you. Snorg closely misses you.
You hit Snorg.
Snorg is almost dead.
Snorg burns!
Snorg closely misses you. Snorg claws you. Snorg claws you but does no damage.
Snorg burns!
Snorg bites you!!
* * * LOW HITPOINT WARNING * * *
Snorg claws you!
You die...

###################
##........##.......##
#....>#....#........##
###...###..............
#.#..## ##......###....
##.$..# ###.....## #....
#.....###.......####....
##....T@.........##.)...
##..#.....#.##.........
##.##....####......#.#
###....## ##...).###
#.....####...))##.#
##..####......<.... ####
#.....##...##
##.....####..# #.....##
##...


You could see Snorg (berserk).

Vanquished Creatures
  2 two-headed ogres
  An unseen horror (D:11)
  An ugly thing (D:11)
  A kobold demonologist (D:11)
  A troll (D:11)
  4 slime creatures (D:11)
  2 hippogriffs
  A spriggan (D:9)
  4 yaks
  A wraith (D:11)
  Eustachio (D:6)
  2 hungry ghosts
  A water moccasin (D:11)
  5 orc warriors
  2 porcupines (D:11)
  3 sky beasts
  A necrophage (D:9)
  2 black bears (D:11)
  3 ice beasts
  4 phantoms
  5 ogres
  6 centaurs
  2 big kobolds (D:11)
  8 bullfrogs
  A wyvern skeleton (D:11)
  4 killer bees (D:10)
  A scorpion (D:7)
  7 howler monkeys
  2 bullfrog zombies
  7 crimson imps
  2 quasits
  2 centaur zombies
  4 orc priests
  8 hounds
  2 jellies
  Crazy Yiuf (D:7)
  A bullfrog skeleton (D:10)
  8 orc wizards
  2 centaur skeletons
  3 iguanas
  Natasha (twice) (D:2)
  7 worker ants
  A howler monkey zombie (D:10)
  3 worker ant zombies
  4 gnolls (D:5)
  12 adders
  7 river rats
  A shadow imp (D:6)
  An ooze (D:5)
  4 worms
  2 dart slugs (D:1)
  3 leopard geckos
  35 orcs
  7 giant cockroaches
  6 goblins
  8 hobgoblins
  4 jackals (D:1)
  5 quokkas
  18 ball pythons
  6 bats
  7 frilled lizards
  A giant cockroach zombie (D:5)
  14 kobolds
  A leopard gecko zombie (D:7)
  A quokka zombie (D:5)
  27 rats
305 creatures vanquished.

Vanquished Creatures (others)
  5 dream sheep (D:7)
  A hobgoblin (D:3)
  6 fungi (D:11)
  4 plants (D:11)
16 creatures vanquished.

Grand Total: 321 creatures vanquished

Notes
Turn   | Place    | Note
-------+----------+-------------------------------------------
     0 | D:1      | tilp the Hill Orc Fire Elementalist began the quest for the Orb.
     0 | D:1      | Reached XP level 1. HP: 14/14 MP: 3/3
   615 | D:1      | Reached XP level 2. HP: 20/20 MP: 2/4
   619 | D:1      | Learned a level 2 spell: Throw Flame
  1670 | D:1      | Reached XP level 3. HP: 25/26 MP: 6/6
  1675 | D:1      | Learned a level 3 spell: Conjure Flame
  1998 | D:2      | Noticed Natasha
  3308 | D:2      | Reached skill level 4 in Fire Magic
  3519 | D:3      | Reached XP level 4. HP: 25/33 MP: 4/7
  3717 | D:2      | Reached skill level 1 in Short Blades
  3742 | D:2      | HP: 1/33 [Natasha (8)]
  3747 | D:2      | Killed Natasha
  4034 | D:2      | Noticed Natasha
  4042 | D:2      | Killed Natasha
  4042 | D:2      | Reached XP level 5. HP: 27/38 MP: 4/9
  5637 | D:4      | Found a staircase to the Ecumenical Temple.
  5731 | D:4      | Reached XP level 6. HP: 45/45 MP: 5/11
  5740 | D:4      | Learned a level 4 spell: Sticky Flame
  5886 | D:4      | Found a glowing drain.
  6044 | Sewer    | Entered a sewer
  6754 | Sewer    | Reached XP level 7. HP: 19/50 MP: 7/13
  6764 | Sewer    | Reached skill level 5 in Fire Magic
  7080 | Temple   | Entered the Ecumenical Temple
  7241 | Temple   | Became a worshipper of Warmaster Okawaru
  7586 | D:5      | Entered Level 5 of the Dungeon
  7749 | D:4      | Reached skill level 1 in Invocations
  7917 | D:5      | Reached skill level 1 in Evocations
  8286 | D:5      | Reached XP level 8. HP: 58/58 MP: 8/14
  8333 | D:5      | Learned a level 5 spell: Fireball
  8462 | D:5      | Reached skill level 1 in Fighting
  8751 | D:5      | Reached skill level 1 in Maces & Flails
  8856 | D:5      | Reached * piety under Okawaru
  9154 | D:6      | Noticed Eustachio
  9368 | D:6      | Killed Eustachio
  9368 | D:6      | Reached skill level 5 in Short Blades
 10468 | D:5      | Got a crude shield
 10743 | D:6      | Reached skill level 5 in Spellcasting
 10946 | D:6      | Reached XP level 9. HP: 25/69 MP: 4/16
 11214 | D:6      | Identified the Compendium of Aerial Dark Rites
 11314 | D:6      | Reached ** piety under Okawaru
 11949 | D:7      | Learned a level 1 spell: Shock
 11976 | D:7      | Found a basalt altar of Yredelemnul.
 11978 | D:7      | Noticed Menkaure
 11982 | D:7      | Found an ancient bone altar of Kikubaaqudgha.
 11998 | D:7      | Found a transporter.
 12000 | D:7      | Found a transporter.
 12093 | D:7      | Reached skill level 6 in Fire Magic
 12234 | D:7      | Found a shimmering altar of Xom.
 12833 | D:7      | Found a runed door.
 12927 | D:7      | Noticed Crazy Yiuf
 12960 | D:7      | Killed Crazy Yiuf
 13330 | D:8      | Noticed a two-headed ogre
 13910 | D:8      | Killed a two-headed ogre
 13910 | D:8      | Reached skill level 5 in Fighting
 13910 | D:8      | Reached skill level 7 in Fire Magic
 13910 | D:8      | Reached XP level 10. HP: 59/81 MP: 8/17
 14099 | D:8      | Reached *** piety under Okawaru
 14317 | D:9      | Noticed a two-headed ogre
 14326 | D:9      | HP: 4/81 [two-headed ogre/giant club (18)]
 14329 | D:9      | Killed a two-headed ogre
 14959 | D:9      | Reached skill level 5 in Maces & Flails
 15295 | D:9      | Reached skill level 5 in Evocations
 15447 | D:9      | Reached skill level 5 in Conjurations
 15570 | D:10     | Entered Level 10 of the Dungeon
 15594 | D:10     | Reached skill level 8 in Fire Magic
 15687 | D:10     | Reached **** piety under Okawaru
 16491 | D:10     | Found Ahean's Antique Armour Boutique.
 16946 | D:11     | Noticed a cyan ugly thing
 16955 | D:11     | Killed a cyan ugly thing
 16955 | D:11     | Reached XP level 11. HP: 87/87 MP: 9/18
 17120 | D:10     | Bought a pair of runed boots for 262 gold pieces
 17120 | D:10     | Bought a glowing scarf for 280 gold pieces
 17140 | D:10     | Identified the +4 shield of the Rabble {*Slow rElec rC+ Dex+3} (You took it off an orc wizard on level 5 of the Dungeon)
 17339 | D:11     | Found a staircase to the Lair.
 17350 | D:11     | Found a staircase to the Orcish Mines.
 17438 | D:11     | Received a gift from Okawaru
 17576 | D:11     | Reached skill level 9 in Fire Magic
 17661 | D:11     | Noticed a sixfirhy
 17672 | D:11     | HP: 2/89 [sixfirhy[a kobold demonologist] (11)]
 18236 | D:11     | Noticed an unseen horror
 18236 | D:11     | Killed an unseen horror
 18236 | D:11     | Reached ***** piety under Okawaru
 19496 | D:11     | Noticed a seven-headed hydra
 19688 | D:11     | Received a gift from Okawaru
 19691 | D:11     | Got a distressingly furry robe {god gift}
 19702 | D:11     | Identified the +3 robe of Toshre {rC+ Dex-5 Stlth+} (Okawaru gifted it to you on level 11 of the Dungeon)
 20026 | Orc:1    | Entered Level 1 of the Orcish Mines
 20156 | Orc:1    | Noticed Snorg
 20233 | Orc:1    | Slain by Snorg

Skill      XL: |  1  2  3  4  5  6  7  8  9 10 11 |
---------------+----------------------------------+-----
Spellcasting   | 2 3 4 5 |  5.2
Fire Magic     | 4 5 7 8 9 |  9.3
Short Blades   | 1 2 3 4 5 |  5.6
Invocations    | 1 3 |  3.9
Evocations     | 1 2 4 5 6 |  6.2
Fighting       | 3 5 6 7 |  7.7
Maces & Flails | 2 4 5 6 |  6.7
Conjurations   | 3 6 8 |  8.3
Dodging        | |  1.5
Stealth        | |  1.5

Action                   |  1- 3 |  4- 6 |  7- 9 | 10-12 || total
-------------------------+-------+-------+-------+-------++-------
Melee: Club              |    12 |       |       |       ||    12
       Unarmed           |     1 |       |       |       ||     1
       Short sword       |    89 |   183 |   395 |       ||   667
       Dagger            |       |       |    66 |   387 ||   453
       Punch             |       |       |       |     1 ||     1
Throw: Stone             |    17 |       |       |       ||    17
       Throwing net      |       |       |     1 |     1 ||     2
 Cast: Flame Tongue      |    19 |    32 |    76 |    87 ||   214
       Throw Flame       |     6 |    16 |    61 |    40 ||   123
       Shock             |       |       |     5 |       ||     5
       Conjure Flame     |       |       |     2 |     7 ||     9
       Sticky Flame      |       |       |       |    11 ||    11
       Fireball          |       |       |       |     1 ||     1
Invok: Heroism           |       |       |     2 |     3 ||     5
  Use: Scroll            |       |     4 |    12 |     4 ||    20
       Potion            |       |       |     3 |     2 ||     5
 Stab: Sleeping          |     2 |     1 |     5 |     5 ||    13
  Eat: Chunk             |     7 |     7 |    10 |    10 ||    34
       Royal jelly       |     1 |       |     2 |     2 ||     5
       Bread ration      |       |     1 |       |     2 ||     3
       Meat ration       |       |       |     2 |     1 ||     3
Armor: Robe              |    21 |    49 |   112 |   141 ||   323
       Skin              |       |       |     1 |       ||     1
Dodge: Dodged            |    85 |   194 |   312 |   218 ||   809
       Deflected         |       |       |       |     3 ||     3
